 Dungeon Crawl Stone Soup version 0.27-a0-1312-g5cdb2b3542 (webtiles) character file.

Game seed: 15330563826949721393

769 sanka the Magician (level 8, -1/52 HPs)
             Began as a Djinni Summoner on June 19, 2021.
             Slain by a wight (17 damage)
             ... on level 6 of the Dungeon.
             The game lasted 00:11:18 (7273 turns).

sanka the Magician (Djinni Summoner)                Turns: 7273, Time: 00:11:19

Health: -1/52      AC:  3    Str:  7    XL:     8   Next: 9%
Gold:   262        EV: 13    Int: 19    God:
                   SH:  0    Dex: 20

rFire    + + .     SeeInvis .   z - +6 flail (holy)
rCold    x . .     Faith    .   (no shield)
rNeg     . . .     Spirit   .   a - +0 robe
rPois    ∞         Reflect  .   (no helmet)
rElec    .         Harm     .   o - +0 cloak
rCorr    .         Rampage  .   (no gloves)
Will     .....                  (boots unavailable)
Stlth    ++........             (no amulet)
HPRegen  0.17/turn              (no ring)
MPRegen  0.00/turn              h - +6 ring of dexterity

@: flying
A: sickness immunity, fire resistance 2, cold vulnerability 1, float, innate
caster, hp casting, extra vitality 1
a: no special abilities


You were on level 6 of the Dungeon.
You visited 1 branch of the dungeon, and saw 6 of its levels.

You collected 262 gold pieces.


Innate Abilities, Weirdness & Mutations

You are immune to sickness and miasma.
You are immune to poison.
Your flesh is very heat resistant. (rF++)
You are vulnerable to cold. (rC-)
You float through the air rather than walking.
You learn spells naturally, not from books.
Your magical power is your life essence.
You have superior vitality. (+4 HP)


   Skills:
 + Level 1.2 Fighting
 + Level 2.7 Dodging
 - Level 1.5 Stealth
 + Level 7.1 Spellcasting


You couldn't memorise any spells.
You knew the following spells:

 Your Spells              Type           Power      Damage    Failure   Level
b - Blink                 Tloc           N/A        N/A       1%          2
c - Call Canine Familiar  Summ           33%        N/A       1%          3
v - Summon Ice Beast      Ice/Summ       33%        N/A       5%          4
x - Call Imp              Summ           33%        N/A       1%          2
y - Summon Small Mammal   Summ           100%       N/A       1%          1
z - Sting                 Tmut/Pois      100%       1d8       1%          1
N - Passwall              Tmut/Erth      27%        N/A       1%          2
X - Summon Lightning Spi  Summ/Air       33%        N/A       5%          4
Z - Summon Guardian Gole  Hex/Summ       33%        N/A       1%          3
Your spell library was empty.

Inventory:

Hand Weapons
 g - a +0 war axe
 u - a +2 quarterstaff of chaos
 z - a +6 flail of holy wrath (weapon)
Missiles
 d - 2 atropa-tipped darts
Armour
 a - a +0 robe (worn)
 o - a +0 cloak (worn)
Magical Staves
 k - a staff of death
Jewellery
 h - a +6 ring of dexterity (right hand)
 l - a ring of fire
Wands
 p - a wand of charming (5)
Scrolls
 b - 3 scrolls of enchant armour {unknown}
 e - a scroll of vulnerability {unknown}
 f - 3 scrolls of summoning {unknown}
 i - a scroll of silence {unknown}
 j - 4 scrolls of magic mapping {unknown}
 m - 3 scrolls of identify {unknown}
 r - a scroll of enchant weapon {unknown}
 s - 2 scrolls of fear {unknown}
 t - a scroll of fog {unknown}
 w - a scroll of amnesia {unknown}
 x - a scroll of noise {unknown}
 y - a scroll of torment {unknown}
Potions
 c - 2 potions of might {unknown}
 n - a potion of heal wounds {unknown}
 q - 2 potions of attraction {unknown}

Dungeon Overview and Level Annotations

Branches:
Dungeon (6/15)
 Temple: D:4-7

Altars:
Ru
Sif Muna

▒▒▒▒.▒ ▒....▒
▒▒▒▒▒▒.▒▒▒▒▒
▒...z......▒
▒.▒▒▒▒.▒▒.▒▒
▒z▒ ▒.▒ .▒
▒.▒▒▒▒.▒ ▒
▒▒▒▒▒▒.▒.▒▒.▒
▒..zRz...▒▒.▒
▒.▒▒▒▒▒..▒▒.▒
▒.▒▒.▒......▒
▒....▒.▒▒▒▒▒▒
▒▒▒▒.▒.▒
▒.▒.▒▒▒
▒.▒...▒
▒.▒▒▒.▒
▒.▒▒▒.▒


You could see 2 wights.


Message History

* * * LOW HITPOINT WARNING * * *
Your hound bites the wight but does no damage.
Your hound bites the wight but does no damage.
The wight hits your hound with a +3 dire flail!
Your hound bites the wight.
The wight hits your hound with a +3 dire flail!
Your hound dies!
You closely miss the wight.
The wight is severely damaged.
The wight hits you with a +3 dire flail!
* * * LOW HITPOINT WARNING * * *
The wight hits you with a +0 dire flail.
* * * LOW HITPOINT WARNING * * *
Unknown command.
There is a stone staircase leading up here.
The wight barely misses you.
You fly upwards.
There is a stone staircase leading down here.
Unknown command.
You start resting.
HP restored.
You fly downwards.
The wight hits you with a +3 dire flail!
The wight hits you with a +0 dire flail!
There is a stone staircase leading up here.
Unknown command.
The wight hits you with a +3 dire flail!
* * * LOW HITPOINT WARNING * * *
The wight hits you with a +0 dire flail!
You die...

Action                   |  1- 3 |  4- 6 |  7- 9 || total
-------------------------+-------+-------+-------++-------
Melee: Unarmed           |    20 |       |       ||    20
       Whip              |     2 |       |       ||     2
       Mace              |       |    17 |       ||    17
       Flail             |       |       |    32 ||    32
 Cast: Summon Small Mamm |    22 |       |       ||    22
       Call Imp          |    20 |    13 |     5 ||    38
       Sting             |    50 |    45 |    23 ||   118
       Call Canine Famil |       |     4 |    12 ||    16
       Summon Ice Beast  |       |     1 |     2 ||     3
Armor: Robe              |    16 |     8 |    10 ||    34
Dodge: Dodged            |    43 |    17 |    41 ||   101

Levels and vault maps discovered:
D:1:      lemuel_arrival_muddy, layout_loops_ring
D:2:      layout_basic, basic_altar, serial_bayou_lake_a
D:3:      layout_basic, lemuel_tele_altar, minmay_vboxes,
          uniq_crazy_yiuf_cottage
D:4:      layout_gridville, dk_noncrumbling_3
D:5:      layout_loops_cross, uniq_edmund
D:6:      layout_basic, gammafunk_ghost_necromancy, uniq_prince_ribbit1,
          uniq_pikel

Notes
Turn   | Place    | Note
-------+----------+-------------------------------------------
     0 | D:1      | sanka the Djinni Summoner began the quest for the Orb.
     0 | D:1      | Reached XP level 1. HP: 15/15 MP: 0/0
   608 | D:1      | Reached XP level 2. HP: 17/21 MP: 0/0
  1634 | D:1      | Reached XP level 3. HP: 19/25 MP: 0/0
  1634 | D:1      | Learned a level 1 spell: Sting
  2118 | D:2      | Reached skill level 4 in Spellcasting
  3096 | D:2      | Reached XP level 4. HP: 29/31 MP: 0/0
  3378 | D:3      | Found a sacrificial altar of Ru.
  3860 | D:3      | Found a runed translucent door.
  3861 | D:3      | Noticed Crazy Yiuf
  3879 | D:3      | Killed Crazy Yiuf
  4078 | D:4      | Noticed a phantom
  4097 | D:4      | Killed a phantom
  4098 | D:4      | Reached XP level 5. HP: 21/35 MP: 0/0
  4098 | D:4      | Learned a level 2 spell: Blink
  4259 | D:4      | Noticed an ogre
  4259 | D:4      | Noticed an ogre
  4265 | D:4      | Killed an ogre
  4266 | D:4      | Reached skill level 5 in Spellcasting
  4269 | D:4      | Killed an ogre
  4270 | D:4      | Reached XP level 6. HP: 29/40 MP: 0/0
  4992 | D:5      | Entered Level 5 of the Dungeon
  4992 | D:5      | Noticed Edmund
  5005 | D:5      | Killed Edmund
  5006 | D:5      | Reached skill level 6 in Spellcasting
  5036 | D:5      | Noticed an ogre
  5045 | D:5      | Killed an ogre
  5046 | D:5      | Reached XP level 7. HP: 26/45 MP: 0/0
  5046 | D:5      | Learned a level 2 spell: Passwall
  5665 | D:5      | Reached skill level 7 in Spellcasting
  5883 | D:4      | HP: 2/45 [something/magic dart (7)]
  6598 | D:4      | Reached XP level 8. HP: 45/51 MP: 0/0
  6744 | D:6      | Reached skill level 1 in Fighting
  6999 | D:6      | HP: 5/52 [wight (4)]
  7273 | D:6      | Slain by a wight

Vanquished Creatures
  A water moccasin skeleton (D:5)
  2 hounds (D:5)
  A bullfrog skeleton (D:5)
  An orc priest (D:5)
  2 centaur skeletons
  An iguana (D:4)
  An orc wizard (D:4)
  4 adders
  An ufetubus (D:5)
  2 adder skeletons (D:4)
  4 worms
  A dart slug (D:3)
  5 orcs
  2 ball pythons
  7 endoplasms
  2 giant cockroaches
  4 goblins
  2 hobgoblins
  3 jackals (D:3)
  2 quokkas
  5 frilled lizards
  5 kobolds
  A rat (D:3)
59 creatures vanquished.

Vanquished Creatures (collateral kills)
  Edmund (D:5)
  4 ogres
  A phantom (D:4)
  3 wights (D:6)
  Crazy Yiuf (D:3)
  A dart slug (D:1)
  2 ball pythons (D:1)
  5 endoplasms (D:1)
  2 giant cockroaches (D:1)
  3 goblins (D:1)
  3 hobgoblins (D:1)
  4 bats (D:1)
  A kobold (D:1)
  5 rats (D:1)
36 creatures vanquished.

Grand Total: 95 creatures vanquished
